 Dungeon Crawl Stone Soup version 0.31.0-2-g5a2aebc5c2 (webtiles) character file.

Game seed: 617909184667314791

7 gelatine the Apothecary (level 1, -1/13 HPs)
             Began as a Demonspawn Alchemist on Jan 20, 2024.
             Slain by a jackal (3 damage)
             ... on level 1 of the Dungeon.
             The game lasted 00:00:58 (159 turns).

gelatine the Apothecary (Demonspawn Alchemist)       Turns: 159, Time: 00:00:59

Health: -1/13      AC:  2    Str:  8    XL:     1   Next: 91%
Magic:  0/3        EV: 12    Int: 15    God:
Gold:   0          SH:  0    Dex: 13    Spells: 3/4 levels left

rFire   . . .        (no weapon)
rCold   . . .        (no shield)
rNeg    . . .        a - +0 robe
rPois   .            (no helmet)
rElec   .            (no cloak)
rCorr   .            (no gloves)
SInv    .            (no boots)
Will    .....        (no amulet)
Stlth   ++           (no ring)
HPRegen 0.22/turn    (no ring)
MPRegen 0.08/turn

%: no passive effects
@: no status effects
A: no striking features
a: no special abilities


You were on level 1 of the Dungeon.
You visited 1 branch of the dungeon, and saw 1 of its levels.

Inventory:

Armour
 a - a +0 robe (worn)
 b - a +2 scale mail of fire resistance
Scrolls
 d - a scroll of identify {unknown}
Potions
 c - a potion of attraction {unknown}


   Skills:
 + Level 1.8 Dodging
 + Level 1.7 Stealth
 + Level 2.2 Spellcasting
 + Level 1.0 Conjurations
 + Level 3.2 Alchemy


You had 3 spell levels left.
You knew the following spells:

 Your Spells              Type           Power      Damage    Failure   Level
a - Sting                 Conj/Alch      32%        1d5       9%          1

Your spell library contained the following spells:

 Spells                   Type           Power      Damage    Failure   Level
 Mercury Vapours          Alch/Air       12%        N/A       17%         2
 Mephitic Cloud           Conj/Alch/Air  5%         N/A       36%         3
 Olgreb's Toxic Radiance  Alch           11%        N/A       50%         4
 Sticky Flame             Fire/Alch      6%         2d4       73%         4


Dungeon Overview and Level Annotations

Branches:
Dungeon (1/15)

Altars:


Message History

The jackal is lightly wounded.
The sting hits the jackal.
The jackal looks even sicker.
The jackal is almost dead.
You kill the jackal!
A jackal comes into view.
The jackal barks!
The jackal attacks as it pursues you! The jackal bites you.
The jackal closely misses you.
The sting misses the jackal.
The jackal bites you.
You hit the jackal but do no damage. The jackal bites you.
The jackal barely misses you.
You hit the jackal but do no damage. The jackal bites you.
You hit the jackal but do no damage. The jackal closely misses you.
You hit the jackal but do no damage. The jackal misses you.
The jackal completely misses you.
You hit the jackal but do no damage. The jackal closely misses you.
You hit the jackal but do no damage. The jackal closely misses you.
The jackal completely misses you.
You hit the jackal but do no damage.
The jackal bites you but does no damage.
You hit the jackal but do no damage. The jackal bites you.
You closely miss the jackal. The jackal closely misses you.
The jackal bites you but does no damage.
Casting: Sting (safe; 9% risk of failure)
Confirm with . or Enter, or press ? or * to list all spells.
Aiming: Sting (safe; 9% risk of failure)
Press: ? - help, Shift-Dir - straight line, f/p - jackal
Aim: a jackal (60% to hit)
The sting misses the jackal.
The jackal bites you.
You closely miss the jackal. The jackal bites you. x2
You hit the jackal but do no damage. The jackal closely misses you.
You hit the jackal.
The jackal is moderately wounded.
The jackal completely misses you.
You closely miss the jackal.
The jackal is moderately wounded.
The jackal bites you.
* * * LOW HITPOINT WARNING * * *
The jackal bites you.
You die...

#........#######
#........###
#..........####
#...>...##....#
##########..#.#
##.##.# #...###
#########...#
#...@h....⌠.#
#............#
#.#########..##
# ########...+
#.....##..##
#..<..'...#
#.....##..#
########..# #..#


You could see a jackal.

Vanquished Creatures
  5 jackals (D:1)
  A ball python (D:1)
6 creatures vanquished.

Notes
Turn   | Place    | Note
-------+----------+-------------------------------------------
     0 | D:1      | gelatine the Demonspawn Alchemist began the quest for the
                  | Orb.
     0 | D:1      | Reached XP level 1. HP: 13/13 MP: 3/3
   159 | D:1      | Slain by a jackal

Illustrated notes

Levels and vault maps discovered:
D:1:      dpeg_arrival_rooms_a, layout_rooms

Action                     || total
---------------------------++-------
  Melee: Unarmed           ||    19
   Cast: Sting             ||    13
    Use: Potion            ||     1
 Armour: Robe              ||    20
  Dodge: Dodged            ||    24
